 Dungeon Crawl Stone Soup version 0.22-a0-605-g9281fa2 (webtiles) character file.

51 Hebeh the Firebug (level 3, 0/19 HPs)
             Began as a Deep Elf Fire Elementalist on July 8, 2018.
             Slain by Robin
             ... wielding a +0 dagger
              (2 damage)
             ... on level 1 of the Dungeon.
             The game lasted 00:14:30 (1131 turns).

Hebeh the Firebug (Deep Elf Fire Elementalist)      Turns: 1131, Time: 00:14:31

Health: 0/19       AC:  2    Str:  5    XL:     3   Next: 57%
Magic:  0/10       EV: 13    Int: 20    God:
Gold:   65         SH:  0    Dex: 15    Spells: 3/9 levels left

rFire    . . .     SeeInvis .   (no weapon)
rCold    . . .     Gourm    .   (no shield)
rNeg     . . .     Faith    .   a - +0 robe
rPois    .         Spirit   .   (no helmet)
rElec    .         Reflect  .   (no cloak)
rCorr    .         Harm     .   (no gloves)
MR       .....                  (no boots)
Stlth    ++........             (no amulet)
HPRegen  0.06/turn              (no ring)
MPRegen  0.12/turn              (no ring)

@: very slightly contaminated
A: no striking features
a: no special abilities


You were on level 1 of the Dungeon.
You were not hungry.

You visited 1 branch of the dungeon, and saw 2 of its levels.

You collected 65 gold pieces.

Inventory:

Armour
 a - a +0 robe (worn)
Jewellery
 f - an uncursed ring of resist corrosion {unknown}
 h - an uncursed ring of flight {unknown}
Scrolls
 b - a scroll of amnesia {unknown}
 d - a scroll of identify {unknown}
 j - a scroll of teleportation {unknown}
Potions
 e - a potion of flight {unknown}
 g - a potion of curing {unknown}
Comestibles
 c - a ration


   Skills:
 - Level 2.4 Dodging
 + Level 3.3 Stealth
 + Level 3.7 Spellcasting
 + Level 2.1 Conjurations
 + Level 3.8 Fire Magic


You had 3 spell levels left.
You knew the following spells:

 Your Spells              Type           Power        Failure   Level  Hunger
a - Flame Tongue          Conj/Fire      ###..        3%          1    None
b - Conjure Flame         Conj/Fire      ###.....     12%         3    ###....
c - Throw Flame           Conj/Fire      ###...       6%          2    ##.....

Your spell library contained the following spells:

 Spells                   Type           Power        Failure   Level  Hunger
 Fireball                 Conj/Fire      ###.......   71%         5    ######.
 Sticky Flame             Conj/Fire      ###.....     36%         4    ####...
 Inner Flame              Hex/Fire       ##......     19%         3    ###....


Dungeon Overview and Level Annotations

Branches:
Dungeon (2/15)

Altars:

Annotations:
D:1 Robin


Message History

Aiming: Flame Tongue (safe; 3% risk of failure)
Press: ? - help, Shift-Dir - straight line, f/p - Robin
Aim: Robin, wielding a dagger, wearing a dyed animal skin and wearing a helmet (moderately wounded)
The flame tongue hits Robin.
Robin appears unharmed.
Robin is moderately wounded.
Robin closely misses you.
Casting: Flame Tongue (safe; 3% risk of failure)
Confirm with . or Enter, or press ? or * to list all spells.
Aiming: Flame Tongue (safe; 3% risk of failure)
Press: ? - help, Shift-Dir - straight line, f/p - Robin
Aim: Robin, wielding a dagger, wearing a dyed animal skin and wearing a helmet (moderately wounded)
The flame tongue hits Robin.
Robin is almost dead.
Robin hits you with a dagger.
* * * LOW HITPOINT WARNING * * *
Casting: Flame Tongue (safe; 3% risk of failure)
Confirm with . or Enter, or press ? or * to list all spells.
You don't have enough magic to cast that spell.
Robin hits you with a dagger.
You die...

## #.#.......#.#.#.######.#
.###.######'##.#........#.#
.....######.##.###.####.#.#
............##.....# #.#.#
....################ #.#.#
....'..............# #.#.#
....##############.####.#.#
....# #......g.#.)..#.#.#
....## #.######@#..#.#.#.##
.....#
#.#......#..(......##
.....#
#.#.####.#....#.#...##
)....#
#.#......#....#.#....#
######
#.######)#....#.#...##
#.######.#....#.######
#.#..(...#...##......#
#####.#.######..#######.##
#.....#.#..(........# #.#


You could see Robin.

Vanquished Creatures
  A gnoll (D:1)
  4 leopard geckos (D:1)
  A giant cockroach (D:1)
  12 goblins
  2 hobgoblins
  4 jackals (D:1)
  A ball python (D:2)
  A bat (D:1)
  2 frilled lizards (D:1)
  4 kobolds (D:1)
32 creatures vanquished.

Notes
Turn   | Place    | Note
-------+----------+-------------------------------------------
     0 | D:1      | Hebeh the Deep Elf Fire Elementalist began the quest for the Orb.
     0 | D:1      | Reached XP level 1. HP: 10/10 MP: 6/6
    46 | D:1      | Reached XP level 2. HP: 15/15 MP: 2/8
   773 | D:1      | Reached XP level 3. HP: 19/19 MP: 7/10
   840 | D:1      | Learned a level 3 spell: Conjure Flame
   988 | D:1      | Learned a level 2 spell: Throw Flame
  1009 | D:2      | Noticed Robin
  1131 | D:1      | Slain by Robin

Vault maps used:
D:1:      lightli_arrival_chessboard
D:2:      uniq_robin

Skill      XL: |  1  2  3 |
---------------+----------+-----
Stealth        | 3 |  3.3
Conjurations   | 2 |  2.1
Dodging        | |  2.4
Spellcasting   | |  3.7
Fire Magic     | |  3.8

Action                   || total
-------------------------++-------
 Cast: Flame Tongue      ||    46
       Throw Flame       ||     3
       Conjure Flame     ||     1
  Eat: Chunk             ||     1
Armor: Robe              ||     2
Dodge: Dodged            ||    10

Table legend:
 A = Spawn XP
 B = Non-spawn XP
 C = Spawn XP percentage of total XP
 D = Spawn monster count
 E = Non-spawn monster count
 F = Spawn count percentage of total count
 G = Total turns spent on level
                    A         B        C        D         E        F      G
               +---------+---------+-------+---------+---------+-------+---------
         Total |       0 |      73 |   0.0 |       0 |      32 |   0.0 |  1131
               +---------+---------+-------+---------+---------+-------+---------
           D:1 |       0 |      54 |   0.0 |       0 |      22 |   0.0 |  1092
           D:2 |       0 |      19 |   0.0 |       0 |      10 |   0.0 |    39
               +---------+---------+-------+---------+---------+-------+---------
